Map: Para Site LE

Players

soul

  • Race: Terran Terran
  • League: Grandmaster
  • Spawn Location: 11:00

ShoWTimE - Winner!

  • Race: Protoss Protoss
  • League: Grandmaster
  • Spawn Location: 5:00

Event: IEM Season 13 - Katowice Server Qualifiers Europe

VOD

Have the link to the VOD?

Description

Time

  • Played on: Jan. 8, 2019, 9:35 a.m.
  • Length: 17:06

All games in this series

Show
View Real Time Build Order
Export as new Build Order

soul Terran 

Build Orders: Gas First Reaper Expand, Banshee Rush 

Get SALT Encoding   

  12  0:01  SCV  
  13  0:13  SCV  
  14  0:17  Supply Depot  
  14  0:25  SCV  
  15  0:29  Refinery  
  15  0:39  SCV  
  16  0:45  Barracks  
  16  0:51  SCV  
  17  1:03  SCV  
  18  1:15  SCV  
  19  1:32  Reaper, Orbital Command  
  20  1:45  Command Center  
  20  1:57  Factory  
  20  2:01  SCV  
  20  2:07  Barracks Reactor  
  21  2:13  SCV  
  22  2:15  Supply Depot  
  22  2:19  Refinery  
  22  2:25  SCV  
  23  2:37  SCV  
  24  2:44  Starport  
  24  2:45  Marine x2  
  24  2:49  Widow Mine  
  28  2:52  SCV  
  28  3:02  Marine  
  28  3:03  Marine  
  28  3:04  SCV  
  31  3:11  Factory Tech Lab  
  31  3:21  SCV, Starport Tech Lab  
  31  3:22  Orbital Command  
  31  3:25  Marine x2  
  34  3:30  Cyclone  
  34  3:33  SCV  
  38  3:40  Banshee  
  41  3:44  Marine  
  41  3:45  Marine, SCV  
  44  3:51  SCV  
  44  3:54  Supply Depot  
  44  3:55  Cloaking Field  
  44  3:57  SCV  
  44  4:02  Marine  
  46  4:06  Bunker  
  46  4:15  Marine, SCV x2  
  49  4:20  Marine  
  50  4:24  Banshee  
  53  4:32  Command Center  
  53  4:33  SCV  
  53  4:36  SCV  
  53  4:42  Supply Depot  
  53  4:45  SCV  
  53  4:47  Barracks  
  53  4:48  Stimpack  
  54  4:56  Barracks  
  54  4:58  Engineering Bay  
  54  5:03  SCV x2  
  54  5:04  Factory Tech Lab  
  56  5:07  Refinery  
  56  5:15  SCV x2  
  56  5:20  Barracks  
  58  5:23  Barracks  
  58  5:26  Terran Infantry Weapons Level 1  
  58  5:27  SCV  
  59  5:28  Marine  
  59  5:31  Starport Reactor  
  59  5:34  Marine, SCV  
  62  5:40  SCV  
  62  5:42  Refinery, Supply Depot  
  60  5:47  SCV  
  61  5:50  Orbital Command  
  61  5:52  SCV  
  61  5:53  Combat Shield  
  61  5:54  Factory Reactor  
  59  5:57  Marine x2  
  59  5:59  SCV  
  62  6:05  Marine x2  
  62  6:07  SCV  
  62  6:09  Orbital Command  
  62  6:10  Marauder, Supply Depot  
  67  6:12  Concussive Shells, Barracks Reactor  
  67  6:15  Marine  
  68  6:19  SCV  
  68  6:21  Marine, Supply Depot  
  68  6:25  Marauder x2  
  75  6:31  Marauder  
  76  6:34  SCV x2  
  76  6:35  Marine  
  76  6:39  Marine  
  80  6:45  Supply Depot x2  
  80  6:46  Marauder x2  
  85  6:47  Medivac x2  
  85  6:50  Widow Mine  
  85  6:51  Widow Mine  
  85  6:52  Marine x3  
  85  6:53  Marine  
  96  7:00  Marine  
  98  7:05  SCV  
  98  7:07  Marauder  
  98  7:08  Marauder  
  102  7:10  Marauder  
  102  7:11  Widow Mine  
  102  7:12  Widow Mine  
  102  7:14  Marine x2  
  110  7:17  Supply Depot x2  
  110  7:18  Medivac x2  
  114  7:24  Marine  
  114  7:25  Terran Infantry Armor Level 1  
  114  7:26  Marine  
  114  7:29  Marauder x2  
  120  7:30  SCV  
  120  7:33  Supply Depot  
  120  7:34  Widow Mine  
  123  7:38  SCV  
  123  7:39  SCV  
  123  7:44  Marine, Marauder  
  127  7:45  Supply Depot  
  127  7:46  Marine, Supply Depot  
  127  7:50  Marauder  
  131  7:54  SCV  
  131  7:55  Medivac x2  
  136  8:00  Marine, SCV  
  136  8:01  Marauder  
  140  8:08  Marine, Marauder  
  137  8:17  Marine  
  124  8:21  Marine, Marauder  
  124  8:25  Marine, Medivac x2  
  124  8:26  Marauder  
  125  8:27  Marine  
  125  8:29  Marine  
  125  8:34  SCV x3  
  118  8:43  Marine  
  118  8:44  Engineering Bay  
  118  8:45  Armory  
  118  8:46  Marine x3, Marauder, SCV x3  
  118  8:47  Marine, Marauder  
  130  8:54  Widow Mine x2  
  134  8:58  SCV x2  
  134  9:00  Supply Depot  
  134  9:01  Marine, Supply Depot  
  137  9:04  Marine  
  137  9:05  Marauder  
  137  9:09  Marine  
  140  9:10  Marauder  
  135  9:17  Marine  
  135  9:18  Marauder  
  135  9:19  Marine  
  135  9:25  Refinery x2  
  135  9:26  Marauder  
  135  9:28  Widow Mine x2  
  139  9:32  SCV x2  
  139  9:33  Terran Infantry Weapons Level 2  
  139  9:35  Liberator x2  
  139  9:36  Command Center  
  139  9:38  Terran Infantry Armor Level 2  
  139  9:39  Terran Ship Weapons Level 1  
  139  9:43  SCV  
  139  9:44  SCV  
  143  9:46  SCV  
  148  9:54  Widow Mine x2  
  152  10:01  SCV x2  
  153  10:14  Marine  
  153  10:15  Marauder, Refinery, Starport  
  153  10:16  Fusion Core  
  153  10:18  Refinery  
  153  10:19  Marine  
  153  10:20  Marauder  
  156  10:21  Marine  
  156  10:22  Marauder  
  156  10:24  Marine  
  155  10:32  Marine  
  155  10:35  Liberator x2  
  141  10:36  Marauder  
  141  10:37  Marine  
  141  10:39  Marine  
  141  10:41  Marauder  
  141  10:42  Marine  
  139  10:43  Marauder  
  139  10:50  Marine  
  139  10:55  Marine, SCV x2  
  139  10:57  SCV  
  137  10:58  Marine, Marauder  
  137  11:03  Marauder  
  141  11:07  SCV, Starport Tech Lab  
  142  11:13  Planetary Fortress  
  142  11:14  Liberator  
  142  11:16  SCV x2  
  144  11:23  Sensor Tower x2  
  144  11:25  Liberator, Advanced Ballistics  
  144  11:30  Starport  
  144  11:32  Ghost Academy  
  147  11:34  Liberator  
  147  11:37  Marauder  
  147  11:38  Marauder x2  
  158  11:56  Liberator  
  157  12:05  Liberator  
  157  12:06  Marine, Marauder  
  157  12:08  Liberator  
  156  12:18  Marine, Marauder  
  156  12:19  Marauder  
  152  12:25  SCV x3  
  152  12:27  Command Center  
  151  12:30  Marine  
  151  12:31  Marauder  
  151  12:35  Medivac x2  
  150  12:37  SCV x3  
  152  12:49  SCV x3  
  154  12:57  Sensor Tower  
  154  12:59  Command Center  
  154  13:00  Medivac  
  154  13:01  SCV x2  
  158  13:05  Medivac  
  158  13:12  Medivac x2  
  164  13:20  SCV  
  164  13:25  Ghost x2  
  168  13:28  Barracks x2  
  168  13:30  Barracks, SCV  
  166  13:40  Liberator x2, Viking x3  
  172  13:44  Orbital Command  
  172  13:48  Sensor Tower  
  171  13:58  Marine  
  171  14:01  Refinery  
  166  14:09  Terran Infantry Weapons Level 3  
  165  14:18  Viking  
  165  14:19  Viking  
  169  14:29  Barracks Tech Lab x2  
  169  14:32  Viking  
  169  14:37  Barracks Tech Lab  
  171  14:40  Viking x2, Terran Vehicle And Ship Armor Level 1  
  173  14:48  Viking  
  175  14:54  Ghost x2  
  179  15:00  Ghost  
  179  15:05  Marine, Marauder x2  
  184  15:19  Viking x4  
  188  15:26  Viking  
  190  15:30  Marine, Marauder  
  190  15:32  Marine, Marauder  
  190  15:34  Marine  
  190  15:35  Marauder  
  199  15:38  Marine  
  196  15:49  Viking x2  
  199  15:54  Marine  
  198  15:57  Marine  
  198  15:58  Marauder  
  196  16:17  Marine  
  196  16:18  Marauder  
  195  16:19  Marine, Marauder x2  
  173  17:00  Refinery  
  169  17:01  Refinery  
Show
View Real Time Build Order
Export as new Build Order

ShoWTimE Protoss - Winner!

Build Orders: 1 Gate Expand, Oracle Opening 

Get SALT Encoding   

  12  0:00  Probe  
  13  0:12  Probe  
  14  0:17  Pylon  
  14  0:24  Probe  
  15  0:32  Probe  
  15  0:37  Gateway  
  15  0:40  Probe  
  16  0:46  Assimilator  
  17  0:51  Probe  
  18  1:03  Probe  
  19  1:15  Probe  
  20  1:24  Cybernetics Core  
  20  1:35  Nexus  
  20  1:36  Probe  
  21  1:44  Pylon  
  21  1:48  Probe  
  21  1:53  Assimilator  
  21  1:54  Adept  
  22  2:01  Probe  
  25  2:13  Probe  
  26  2:15  Adept  
  26  2:20  Stargate  
  25  2:25  Probe  
  28  2:32  Warp Gate  
  28  2:37  Probe  
  28  2:41  Stalker  
  28  2:43  Probe  
  31  2:49  Probe  
  33  2:51  Probe  
  34  3:01  Probe x2  
  34  3:02  Oracle  
  39  3:13  Probe x2  
  41  3:21  Pylon  
  41  3:25  Probe x2  
  43  3:35  Oracle  
  43  3:37  Probe x2  
  48  3:46  Gateway  
  48  3:47  Gateway  
  48  3:49  Probe x2  
  48  3:51  Pylon  
  50  4:01  Probe  
  51  4:03  Probe  
  51  4:06  Phoenix  
  51  4:07  Pylon  
  54  4:18  Nexus, Probe x2  
  56  4:27  Assimilator  
  56  4:30  Probe x2, Assimilator  
  58  4:42  Probe x2  
  58  4:43  Phoenix  
  62  4:54  Probe  
  62  4:55  Probe  
  62  4:56  Adept x3  
  70  5:00  Forge  
  70  5:01  Twilight Council  
  70  5:03  Pylon  
  70  5:19  Shield Battery  
  70  5:21  Probe x2  
  70  5:28  Probe  
  72  5:30  Probe x2  
  71  5:36  Probe  
  71  5:38  Probe x2  
  73  5:44  Protoss Ground Weapons Level 1, Probe  
  73  5:47  Probe  
  73  5:48  Probe  
  73  5:49  Robotics Facility  
  74  5:54  Blink  
  74  5:56  Probe  
  77  6:00  Probe x2  
  77  6:01  Sentry  
  77  6:02  Sentry, Stalker  
  85  6:09  Probe  
  85  6:10  Gateway  
  86  6:12  Probe x2, Pylon  
  86  6:14  Gateway  
  86  6:17  Gateway  
  88  6:21  Probe  
  88  6:24  Probe x2, Gateway  
  91  6:28  Gateway, Pylon  
  91  6:31  Observer  
  91  6:32  Stalker x2  
  95  6:33  Probe  
  95  6:35  Assimilator  
  95  6:37  Pylon  
  95  6:39  Assimilator  
  97  6:46  Probe x3, Robotics Bay  
  100  6:47  Immortal  
  100  6:48  Shield Battery  
  100  6:50  Sentry  
  102  7:01  Pylon  
  106  7:05  Pylon  
  106  7:18  Zealot x5  
  106  7:22  Colossus  
  116  7:23  Extended Thermal Lance  
  116  7:25  Pylon  
  116  7:28  Protoss Ground Armor Level 1  
  116  7:29  Photon Cannon  
  116  7:33  Pylon  
  122  7:40  Probe  
  123  7:45  Charge  
  122  7:52  Stalker x5  
  122  7:56  Pylon  
  132  8:00  Pylon  
  132  8:03  Stalker x3  
  135  8:12  Colossus  
  133  8:19  Stalker x3  
  133  8:20  Stalker  
  133  8:26  Stalker x2  
  132  8:34  Nexus  
  132  8:38  Pylon  
  132  8:42  Forge  
  132  8:50  Photon Cannon  
  132  8:51  Photon Cannon  
  132  8:53  Pylon  
  132  8:56  Probe  
  132  8:57  Probe x2  
  135  9:05  Templar Archives, Zealot x3  
  135  9:07  Protoss Ground Armor Level 2  
  135  9:08  Protoss Ground Weapons Level 2  
  139  9:11  Zealot x2  
  139  9:12  Zealot  
  141  9:18  Probe x2  
  141  9:23  Zealot  
  141  9:24  Zealot  
  147  9:32  Psionic Storm, Stalker  
  147  9:38  Probe x3  
  152  9:39  Shield Battery  
  152  9:45  High Templar x2  
  156  9:48  High Templar x2  
  156  9:50  Probe  
  161  9:57  Shield Battery  
  161  9:59  Shield Battery  
  161  10:01  Photon Cannon  
  161  10:03  Colossus, Assimilator  
  161  10:07  Assimilator  
  167  10:17  Stalker x4  
  173  10:27  Zealot x2  
  177  10:29  Zealot x2  
  161  10:40  Stalker x4  
  161  10:42  Probe x2  
  171  10:43  Probe  
  171  10:48  Zealot x2  
  173  10:52  Probe, Warp Prism  
  170  11:00  Stalker x2  
  174  11:07  Protoss Ground Weapons Level 3  
  174  11:08  Dark Shrine, Protoss Ground Armor Level 3  
  174  11:09  Photon Cannon  
  174  11:15  Photon Cannon  
  174  11:17  High Templar  
  174  11:18  High Templar x2  
  178  11:19  Zealot x3  
  178  11:20  Colossus  
  178  11:24  Zealot x2  
  190  11:29  Photon Cannon  
  196  11:34  Pylon  
  196  11:49  Fleet Beacon  
  196  12:08  Zealot x2  
  200  12:15  Zealot x2  
  200  12:16  Zealot  
  194  12:33  Disruptor  
  194  12:35  Stargate, Protoss Air Weapons Level 1  
  197  12:38  Photon Cannon  
  197  12:41  Photon Cannon  
  197  12:45  Stargate  
  197  12:51  Nexus  
  197  12:53  Pylon  
  197  12:57  Tempest  
  192  13:06  Pylon  
  192  13:21  Tempest, Photon Cannon  
  197  13:47  Protoss Shields Level 1  
  197  14:01  Tempest  
  196  14:15  Photon Cannon  
  196  14:17  Photon Cannon  
  196  14:18  Shadow Stride  
  196  14:19  Photon Cannon  
  196  14:20  Tempest  
  196  14:21  Photon Cannon  
  196  14:23  Photon Cannon  
  197  14:25  Shield Battery  
  197  14:30  Shield Battery  
  197  14:34  Assimilator  
  197  14:38  Gateway, Assimilator  
  197  14:40  Gateway x2  
  197  14:42  Gateway  
  197  14:43  Gateway  
  197  14:45  Gateway, Gravitic Boosters  
  195  14:47  Gateway  
  195  14:48  Gateway  
  195  14:49  Gateway  
  195  14:53  Observer  
  196  15:20  Tempest  
  199  15:48  Robotics Facility  
  199  15:49  Robotics Facility  
  193  15:58  High Templar x3  
  178  16:49  Zealot x3  
  178  16:50  Nexus, Zealot x3  
  178  16:51  Zealot x3  
  198  17:03  Zealot x3  

Tags
 
Add a new tag
Caveats
  • Supply blocks, unpowered buildings, or Contaminate may cause inaccurate times.
  • Supply counts are checked every 10 seconds.